Cogmind - Beta 17 @@@ ROGUE MODE // 2026.07.20 @ 23:22:14 Player: Boatmurdered Result: Destroyed by 51-SP2(R) with Subdweller Machine Gun Performance ------------- Evolutions (0) 0 Regions Visited (2) 400 Robots Destroyed (34) 170 Value Destroyed (671) 671 Prototype IDs (0) 0 Alien Tech Used (0) 0 Bonus (0) 0 TOTAL SCORE: 1241 Bonus ------- None Cogmind --------- Core Integrity 0/250 Matter 231/300 Energy 200/200 System Corruption 0% Temperature Cool (0) Movement Treading (480) Ox4 Location -10/Subcaves Parts ------- > --- POWER (1) -------- Subdweller Power Source > --- PROPULSION (2) --- Light Treads > --- UTILITY (2) ------ Huge Storage Unit > --- WEAPON (2) ------- Barrage Gun > --- INVENTORY (25) --- Subdweller Monowheel Subdweller Optics Transport Network Coupler Subdweller Laser Peak State ------------ > --- POWER ------------ Subdweller Power Source > --- PROPULSION ------- Light Treads Light Treads > --- UTILITY ---------- Scrap Shield > --- WEAPON ----------- Barrage Gun Makeshift Spear > --- INVENTORY -------- Huge Storage Unit Subdweller Optics Transport Network Coupler Subdweller Laser Battle Rifle [Rating: 15] Favorites ----------- Power Ion Engine Engine Ion Engine Propulsion Light Treads Treads Light Treads Utility Seismic Detector Device Seismic Detector Storage Small Storage Unit Protection Scrap Shield Weapon Light Assault Rifle Energy Gun Small Laser Ballistic Gun Light Assault Rifle Ballistic Cannon Battle Cannon Piercing Weapon Makeshift Spear Special Melee Weapon Datajack Build | -11 -10 -10 ------- Run | Yrd Mat Sub Slots Evolved . | . . . Power . | . . . Propulsion . | . . . Utility . | . . . Weapon . | . . . Parts Attached 31 | 8 11 12 Power 9 | 1 4 4 Engine 9 | 1 4 4 Core . | . . . Reactor . | . . . Propulsion 4 | 2 2 . Treads 4 | 2 2 . Leg . | . . . Wheel . | . . . Hover . | . . . Flight . | . . . Utility 7 | 2 2 3 Device 3 | 1 1 1 Storage 3 | 1 1 1 Processor . | . . . Hackware . | . . . Protection 1 | . . 1 Artifact . | . . . Weapon 11 | 3 3 5 Energy Gun 1 | 1 . . Energy Cannon . | . . . Ballistic Gun 7 | 2 2 3 Ballistic Cannon 1 | . . 1 Launcher . | . . . Special Weapon . | . . . Impact Weapon . | . . . Slashing Weapon . | . . . Piercing Weapon 1 | . . 1 Special Melee Weapon 1 | . 1 . Unidentified Prototypes . | . . . Parts Lost 5 | . . 5 Power 1 | . . 1 Propulsion 2 | . . 2 Utility 1 | . . 1 Weapon 1 | . . 1 Highest Loss Streak 3 | . . 3 To Critical Strikes . | . . . Average Backups 7 | 3 8 7 Power 1 | 1 1 1 Propulsion 1 | . 1 1 Utility 2 | 1 2 3 Weapon 1 | . 1 1 Tool/Special . | . . . Unused Backups 10 | 1 3 6 Power 2 | . 2 . Propulsion 1 | . . 1 Utility 5 | 1 1 3 Weapon 2 | . . 2 Tool/Special . | . . . Average Slot Usage (%) 96 | . 99 93 Engine 13 | . 14 13 Treads 27 | . 27 27 Device 11 | . 14 8 Storage 11 | . 14 8 Protection 2 | . . 5 Energy Gun 2 | . . 6 Ballistic Gun 24 | . 27 20 Peak Build Rating 15 | 7 8 15 Average Rating 8 | 6 7 10 On Entrance 5 | . 7 8 Avg Prop Armor Cover (%) . | . . . Naked Turns . | . . . Heaviest Build 30 | 11 18 30 Greatest Support 40 | 40 40 40 Greatest Overweight (x) 1 | . . 1 Average Overweight (x) . | . . . Largest Inventory Capacity 25 | 8 10 25 Average Capacity 8 | 7 8 8 Most Carried 10 | 6 10 10 Average Carried 7 | 3 8 7 Final Capacity 25 | 8 10 25 Final Carried 10 | 6 10 4 Class Distribution -------------------- 77% | Mutant 18% | Scavenger-Mutant 4% | Subdweller-Mutant Dominant Class ---------------- Mutant | -10/Materials Mutant | -10/Subcaves Resources | -11 -10 -10 ----------- Run | Yrd Mat Sub Matter Collected 936 | 314 346 276 Remotely . | . . . Salvage Created 1135 | 187 683 265 Parts 81 | 20 43 18 Haulers Intercepted 2 | . 2 . Recyclers Shooed . | . . . Parts Field Recycled . | . . . Retrieved Matter . | . . . Parts Self-Destructed 16 | . . 16 Prevented . | . . . Parts Restored . | . . . Kills | -11 -10 -10 ------- Run | Yrd Mat Sub Combat Hostiles Destroyed 22 | . 13 9 Guns 21 | . 13 8 Cannons 1 | . . 1 Classes Destroyed 8 | 2 5 1 Tunneler 5 | 5 . . Hauler 2 | . 2 . Recycler 3 | 1 2 . Operator 1 | . 1 . Watcher 1 | . 1 . Swarmer 9 | . 6 3 Grunt 9 | . 7 2 Subdweller 4 | . . 4 Best Kill Streak 4 | 2 4 3 Combat Bots Only 3 | . 3 3 Max Kills in Single Turn 2 | 1 1 2 Gunslinging . | . . . Exploded . | . . . Melee . | . . . Uniques/NPCs Destroyed . | . . . Combat | -11 -10 -10 -------- Run | Yrd Mat Sub Hostile Shots Fired 188 | . 66 122 Missed 49 | . 16 33 Hits 139 | . 50 89 Projectile 139 | . 50 89 Damage Taken 2045 | . 585 1460 Core 263 | . 94 169 Absorbed by Shields . | . . . Regen/Repaired (Parts) 317 | . 317 . Core Remaining (%) 100 | 100 . . Volleys Fired 122 | 17 63 42 Largest 2 | 2 2 2 Hottest 60 | 40 40 60 Shots Fired 243 | 34 126 83 Gun 238 | 34 126 78 Cannon 5 | . . 5 Launcher . | . . . Special . | . . . Kinetic 237 | 34 126 77 Thermal 6 | . . 6 Explosive . | . . . Electromagnetic . | . . . Robot Hit Streak 28 | 11 10 28 Robot Miss Streak 4 | 2 4 3 Penetration Max . | . . . Secondary Targets 2 | . . 2 Max Gunslinging Chain 1 | . . 1 Shots Hit Robots 172 | 27 85 60 Core Hits 69 | 11 40 18 Critical Kills . | . . . Critical Parts Destroyed 2 | 1 1 . Critical Strikes 2 | 1 1 . Destroy 2 | 1 1 . Melee Attacks 10 | . 5 5 Impact . | . . . Slashing . | . . . Piercing 5 | . . 5 Sneak Attacks 5 | . 5 . Combat Hostiles . | . . . Follow-up Attacks . | . . . Damage Inflicted 1716 | 219 644 853 Guns 1623 | 219 644 760 Cannons 93 | . . 93 Explosions . | . . . Melee . | . . . Ramming . | . . . Kinetic 1649 | 219 644 786 Thermal 67 | . . 67 Explosive . | . . . Electromagnetic . | . . . Impact . | . . . Slashing . | . . . Piercing . | . . . Highest Corruption . | . . . Average Corruption . | . . . Corruption Purged . | . . . Corruption Blocked . | . . . Overload Shots . | . . . Overflow Damage . | . . . Projectiles . | . . . Explosions . | . . . Melee . | . . . Knockbacks . | . . . Impact . | . . . Kinetic . | . . . Secondary . | . . . Self-Inflicted Damage . | . . . Shots . | . . . Rammed . | . . . Targets Rammed . | . . . Kicked . | . . . Crushed . | . . . Highest Temperature 24 | . 24 . Average Temperature 10 | . 10 . Received Heat Transfer 522 | . 198 324 Siege Activations . | . . . Martial Activations . | . . . Shielding Activations . | . . . Robots Disrupted . | . . . Combat Hostiles . | . . . Robots Corrupted . | . . . Combat Hostiles . | . . . Parts Fried . | . . . Impact Corruptions . | . . . Robots Melted . | . . . Combat Hostiles . | . . . Parts Melted 1 | . . 1 Heat Transferred 150 | . . 150 Parts Sabotaged . | . . . Parts Stolen . | . . . Parts Stripped . | . . . Power Chain Reactions . | . . . Alert | -11 -10 -10 ------- Run | Yrd Mat Sub Maximum Alert Level . | . . . Low Security (%) 100 | 100 100 . Level 1 . | . . . Level 2 . | . . . Level 3 . | . . . Level 4 . | . . . Level 5 . | . . . High Security . | . . . Max Security . | . . . Peak Influence 80 | 5 80 . Initial . | . . . Average 18 | 1 20 . Influence Increases 519 | 30 364 125 Destroy 0b10 Robot/C 360 | . 260 100 Destroy 0b10 Robot/NC 60 | 30 30 . Destroy Leader 66 | . 56 10 Successful Hack 3 | . 3 . Lose Combat Pursuer 30 | . 15 15 Influence Decreases 519 | 30 364 125 Time Decay 519 | 30 364 125 Squads Dispatched 2 | . 2 . Investigation 1 | . 1 . Extermination . | . . . Reinforcement 1 | . 1 . Assault . | . . . Garrison . | . . . Intercept . | . . . Searches Triggered . | . . . Construction Impeded . | . . . Haulers Reinforced . | . . . Active Scanning Responses . | . . . Cargo Convoy Interrupts . | . . . Stealth | -11 -10 -10 --------- Run | Yrd Mat Sub Distress Signals . | . . . Communications Jammed . | . . . Distress Signals . | . . . Times Spotted 36 | . 20 16 Peak Tracking Total 6 | . 3 6 Tactical Retreats 3 | . 1 2 Traps | -11 -10 -10 ------- Run | Yrd Mat Sub Traps Triggered 5 | . 5 . Indirectly . | . . . Trap Hack Attempts . | . . . Triggered . | . . . Disarmed . | . . . Reprogrammed . | . . . Reused . | . . . Traps Extracted . | . . . Installed . | . . . Triggered . | . . . Machines | -11 -10 -10 ---------- Run | Yrd Mat Sub Machines Disabled . | . . . Max in Single Turn . | . . . Machines Repaired . | . . . Machines Dismantled . | . . . Machines Sabotaged . | . . . Overloaded Fab Kills . | . . . Hacking | -11 -10 -10 --------- Run | Yrd Mat Sub Machines Accessed 8 | . 7 1 Terminals 4 | . 4 . Fabricators . | . . . Repair Stations 1 | . 1 . Recycling Units 2 | . 2 . Scanalyzers . | . . . Garrison Access . | . . . Total Hacks 35 | . 31 4 Successful 28 | . 24 4 Failed 7 | . 7 . Catastrophic . | . . . Database Lockouts . | . . . Manual 13 | . 13 . Terminals 12 | . 12 . Fabricators . | . . . Repair Stations 14 | . 14 . Recycling Units 5 | . 5 . Scanalyzers . | . . . Garrison Access . | . . . Terminal Hacks 5 | . 1 4 Record 4 | . . 4 Alert Level 1 | . 1 . Fabricator Hacks . | . . . Repair Station Hacks 12 | . 12 . Scan Component 6 | . 6 . Repair 6 | . 6 . Recycling Unit Hacks 2 | . 2 . Report Inventory 2 | . 2 . Scanalyzer . | . . . Garrison Access Hacks . | . . . Unauthorized Hacks 9 | . 9 . Terminals 6 | . 6 . Botnet 4 | . 4 . Skim 2 | . 2 . Fabricators . | . . . Repair Stations . | . . . Recycling Units 3 | . 3 . Reject 1 | . 1 . Mask 2 | . 2 . Scanalyzers . | . . . Garrison Access . | . . . Data Cores Recovered . | . . . Used . | . . . Hacking Detections 6 | . 6 . Full Trace Events . | . . . Feedback Events . | . . . Feedback Blocked . | . . . Robot Schematics Acquired . | . . . Robots Built . | . . . Authchips . | . . . Time . | . . . Total Robot Build Rating . | . . . Part Schematics Acquired . | . . . Parts Built . | . . . Authchips . | . . . Time . | . . . Total Part Build Rating . | . . . Part Studies Acquired . | . . . Parts Repaired 6 | . 6 . Time 156 | . 156 . Parts Recycled . | . . . Recycled Matter . | . . . Retrieved Matter . | . . . Retrieved Components . | . . . Parts Scanalyzed . | . . . Part Schematics Acquired . | . . . Parts Damaged . | . . . Bothacking | -11 -10 -10 ------------ Run | Yrd Mat Sub Used RIF Installer . | . . . Robots Hacked 3 | . 3 . Non-combat 3 | . 3 . Combat . | . . . Robot Hacks Applied 4 | . 4 . parse_system 2 | . 2 . no_distress 2 | . 2 . Relay Couplers Released . | . . . Fabnet Peak Effective % . | . . . Robots Rewired . | . . . Allies Hacked . | . . . Hacks Repelled . | . . . Allies | -11 -10 -10 -------- Run | Yrd Mat Sub Total Allies . | . . . Largest Group . | . . . Highest-Rated Group . | . . . Highest-Rated Ally . | . . . Total Orders . | . . . Ally Attacks . | . . . Total Damage . | . . . Kills . | . . . Allies Corrupted . | . . . Allies Melted . | . . . Intel | -11 -10 -10 ------- Run | Yrd Mat Sub Active Infowar (turns) 2611 | 159 1686 766 Seismic 2611 | 159 1686 766 Robot Analysis Total . | . . . Derelict Logs Recovered 1 | . . 1 Drone Launches . | . . . Drone Recoveries . | . . . Exploration | -11 -10 -10 ------------- Run | Yrd Mat Sub Turns Passed 3223 | 225 1686 1312 Spaces Moved 1425 | 104 622 699 Core 4 | 4 . . Treads 1421 | 100 622 699 Legs . | . . . Wheels . | . . . Hover . | . . . Flight . | . . . Fastest Speed 50 | 50 160 160 Average Speed 159 | 155 160 160 Slowest Speed 240 | 160 160 240 Overloaded Moves . | . . . Propulsion Burnouts . | . . . Robots Hopped . | . . . Potential Cave-ins . | . . . Cave-ins Triggered . | . . . Exploration Rate (%) 46 | 6 85 48 Regions Visited 2 Branch Regions 1 Pre-discovered Areas 2 | . . 2 Known Exits Taken . | . . . Unknown Exits Taken 2 | 1 1 . Scrap Searched 5 | . . 5 Spaces Dug . | . . . Terrain Destroyed . | . . . Melee . | . . . Projectile . | . . . AOE . | . . . Terrain Rammed . | . . . Walls Destroyed . | . . . Machines Disabled . | . . . Actions | -11 -10 -10 --------- Run | Yrd Mat Sub Total 2162 | 136 1211 815 Wait 500 | . 477 23 Move 1423 | 103 621 699 Hop . | . . . Pick Up 25 | 7 11 7 Fast Attach 13 | 7 4 2 Attach 3 | . . 3 Detach . | . . . Swap 34 | 1 18 15 Drop 30 | 1 12 17 Fire 122 | 17 63 42 Melee 10 | . 5 5 Ram . | . . . Kick . | . . . Crush . | . . . Escape Stasis . | . . . Rewire . | . . . Trap . | . . . Miscellaneous 2 | . . 2 Route ------- -11/Scrapyard -10/Materials (discovered 5 exits: [*Mat x2] / [*Min x2] / *Sub) -10/Subcaves (discovered 1 exit: Rec) History --------- Turn | Location | Event 2 | -11/Scrapyard | Met Revision 17 19 | -11/Scrapyard | Discovered new exit (range 16) 226 | -11/Scrapyard | Entered Materials 310 | -10/Materials | Build established: Mutant 850 | -10/Materials | Discovered new exit (range 8) 1251 | -10/Materials | Repaired Lgt. Treads 1278 | -10/Materials | Repaired Lgt. Treads 1306 | -10/Materials | Repaired Lgt. Treads 1333 | -10/Materials | Repaired Lgt. Assault Rifle 1360 | -10/Materials | Repaired Lgt. Assault Rifle 1387 | -10/Materials | Repaired Lgt. Assault Rifle 1511 | -10/Materials | Discovered new exit (range 4) 1593 | -10/Materials | Discovered new exit (range 13) 1744 | -10/Materials | Build established: Scavenger-Mutant 1763 | -10/Materials | Discovered new exit (range 9) 1764 | -10/Materials | Discovered new exit (range 16) 1912 | -10/Materials | Entered Subcaves 1913 | -10/Subcaves | A swath of the cavern ceiling suddenly collapsed 1913 | -10/Subcaves | Approached by a straggling Scientist 1918 | -10/Subcaves | Learned location of Zion (-6) 1918 | -10/Subcaves | Met a Zionite searching for "candidates" 1984 | -10/Subcaves | Core integrity fell below 50% 2030 | -10/Subcaves | Identified exit to Recycling 2259 | -10/Subcaves | Visited Clippyterm 2263 | -10/Subcaves | Learned location of Section 7 (-3) 2263 | -10/Subcaves | Learned Research machine intel 2295 | -10/Subcaves | Build established: Mutant 2764 | -10/Subcaves | Shifting Twisted Machinery released Mak. Thermal Plating 2803 | -10/Subcaves | Shifting Twisted Machinery released Sub. Laser 3055 | -10/Subcaves | Disturbed a concealed Subdweller 3194 | -10/Subcaves | Core integrity fell below 20% 3224 | -10/Subcaves | Destroyed by 51-SP2(R) with Subdweller Machine Gun Last Messages --------------- 02912_ 8O-JQG(u) tweaks Twisted Machinery. 02936_ 8O-JQG(u) builds Twisted Machinery. 03055_ D0-L5X(R) angrily emerges from the Twisted Machinery. 03061_ D0-L5X(R) destroyed. 03062_ Acquired 44 matter. 03065_ Dropped Battle Rifle. 03067_ Searching scrap... 03067_ Found Flamer. 03067_ Found 45 Matter. 03068_ Acquired 27 matter. 03068_ Searching scrap... 03068_ Found Piercing Trap. 03068_ Found 30 Matter. 03078_ Dropped Broken Sub. Power Source. 03081_ Dropped Mak. Spear. 03082_ Acquired Sub. Monowheel. 03195_ Lgt. Treads destroyed. 03210_ Scrap Shield destroyed. 03220_ Sub. Machine Gun destroyed. Map ----- +----------------------------------------------------+ | ?????????????????????????????????????????????????? | | ?????????????????????????????????????????????????? | | ??????????????????####???????????###???????###???? | | ?????????????????## ##??????#### ##?????## ##??? | | ?????????????????# #?###### ##????# ##?? | | ????????????????## ### ##???# ##? | | ????????????????# ?????# ## | | ????????????????# #??????### # | | ???????????????## #?????## | | ??????????????## #?????# | | ??????????????# ##?????# | | ??????????????# ##????# | | ??????????????# ## ####### | | ??????????????####?# ### ## ### | | ??????????????????## #?####### | | ?????????????????## ##?###### # | | ?????????????????# """"" #?# ### # | | ?????????????????##" " ### #### ## | | ??????????????????## " ## #?# ####? | | ???????????????????## " ### ## ##??? | | ????????????????????##"" #?# #?## | | ?????????????????????## ### #?# | | ???????????????# ????## ## #?# | | ???????????????# ""## #### ##?# | | ????????????????# "" ###??# ##??## | | ????????????????# """ R @ ###????# ###### | | ????????????????# "#"# R #??????# | | ????????????????? ""#### ##??????# | | ????????????????? "???# #???????## | | ???????????????????????# #????????### | | ???????????????????????# #??????????## ### | | ???????????????????????# #???????????## #?? | | ???????????????????????" ????????????#### #? | | ?????????????????????? "" ??????????????####? | | ?????????????????????? ??????????????????? | | ?????????????????????? ?????????????????? | | ?????????????????????? ##?????????????????? | | ?????????????????????? ##??????????????????? | | ??????????????????????? #???????????????????? | | ???????????????????????? #???????????????????? | | ???????????????????????? #????????????????????? | | ?????????????????????????????????????????????????? | | ?????????????????????????????????????????????????? | | ?????????????????????????????????????????????????? | | ?????????????????????????????????????????????????? | | ?????????????????????????????????????????????????? | | ?????????????????????????????????????????????????? | | ?????????????????????????????????????????????????? | | ?????????????????????????????????????????????????? | | ?????????????????????????????????????????????????? | +----------------------------------------------------+ Best States ------------- Heat Dissipation 25 Energy Generation 15 Energy Capacity 250 Matter Stores 300 Matter Capacity 300 Sight Range 16 Terrain Scan Density 10 Armor Coverage 800 Evasion (%) 40 Recoil Reduction 2 Item Schematics ----------------- None Robot Schematics ------------------ None Fabricated ------------ Nothing Repaired ---------- Lgt. Treads | 33% | -10/Materials Lgt. Treads | 57% | -10/Materials Lgt. Treads | 65% | -10/Materials Lgt. Assault Rifle | 30% | -10/Materials Lgt. Assault Rifle | 55% | -10/Materials Lgt. Assault Rifle | 68% | -10/Materials Studied --------- None Alien Tech Used ----------------- None Achievements -------------- Junior Dev Survival Of The Most Covered You Again Challenges ------------ None Game ------ Seed SmartbombSignalTearclaws Manual? 0 Play Time 00:35:54 Cumulative 11.7 hours Start 2026.07.20 @ 22:46:10 End 2026.07.20 @ 23:22:14 Sessions 1 Manual Loads 0 Difficulty Rogue Special Mode None Game No. 9 Rogue 9 Adventurer 0 Explorer 0 Win Type - Total 0 Types 0/0/0/0/0/0/0/0/0/0 Lore% 10 Gallery% 11 Achievement% 13 Wizard Run 0 Options --------- Layout 1 ASCII 0 Keyboard 0 Movement Mouse Keybinds 0 Fullscreen 1 Font 24/Smallcaps Map View 50x35 Zoom Use 0% Tactical HUD 1 Map Filters NONE Filters NONE Steam 1 RUN: 77ef4f81-2baa-42bd-9905-3f524eb5c0c0